 Dungeon Crawl Stone Soup version 0.30.1 (webtiles) character file.

Game seed: 12843304995493160568

1260 Descartes the Digger (level 8, -3/56 (60) HPs)
             Began as a Formicid Earth Elementalist on July 10, 2023.
             Was an Initiate of Gozag.
             Slain by a wight
             ... wielding a +2 falchion
              (8 damage)
             ... on level 5 of the Dungeon.
             The game lasted 00:12:00 (5904 turns).

Descartes the Digger (Formicid Earth Elementalist)  Turns: 5904, Time: 00:12:01

HP:   -3/56 (60)    AC:  4    Str: 15    XL:     8   Next: 81%
MP:   14/14         EV: 18    Int: 15    God:    Gozag
Gold: 465           SH:  0    Dex: 14    Spells: 14/15 levels left

rFire   + . .        y - +2 dagger (protect)
rCold   x . .        (no shield)
rNeg    . . .        d - +0 leather armour
rPois   .            (helmet unavailable)
rElec   .            o - +0 cloak
rCorr   .            (no gloves)
SInv    +            (no boots)
Will    .....        a - amulet of regeneration
Stlth   ++           B - +5 ring of evasion
HPRegen 1.09/turn    G - ring of fire
MPRegen 0.14/turn

%: no passive effects
@: drained
A: permanent stasis, dig shafts and tunnels, antennae 3, four strong arms
a: Dig, Shaft Self, Renounce Religion, Potion Petition, Call Merchant, Bribe
Branch


You were on level 5 of the Dungeon.
You worshipped Gozag.
Gozag was aware of your devotion.
You visited 2 branches of the dungeon, and saw 7 of its levels.

You collected 529 gold pieces.
You paid 64 gold pieces to Gozag.

Inventory:

Hand Weapons
 c - a +4 dagger
 y - a +2 dagger of protection (weapon)
 I - a +5 dire flail of draining
Missiles
 e - 6 boomerangs
 q - 2 throwing nets
 v - 10 poisoned darts
Armour
 d - a +0 leather armour (worn)
 n - a +0 ring mail
 o - a +0 cloak (worn)
Jewellery
 a - an amulet of regeneration (around neck)
 B - a +5 ring of evasion (left hand)
 F - an amulet of the acrobat
 G - a ring of fire (right hand)
Wands
 f - a wand of flame (21)
Scrolls
 h - 2 scrolls of vulnerability
 i - 4 scrolls of enchant weapon {unknown}
 l - 3 scrolls of amnesia
 r - 3 scrolls of poison
 s - a scroll of brand weapon {unknown}
 u - a scroll of magic mapping {unknown}
 C - 3 scrolls of torment
 D - a scroll of fog {unknown}
 E - a scroll of butterflies {unknown}
 H - a scroll of enchant armour {unknown}
Potions
 b - a potion of magic
 g - 2 potions of flight {unknown}
 j - 5 potions of curing
 k - a potion of lignification {unknown}
 m - a potion of cancellation {unknown}
 p - 2 potions of mutation
 t - 2 potions of resistance
 w - 2 potions of might
 A - a potion of heal wounds {unknown}
 J - a potion of attraction {unknown}


   Skills:
 + Level 3.9 Fighting
 + Level 3.7 Armour
 + Level 3.7 Dodging
 - Level 2.4 Stealth
 + Level 4.2 Spellcasting
 - Level 1.1 Transmutations
 * Level 7.5 Earth Magic
 + Level 3.8 Evocations


You had 14 spell levels left.
You knew the following spells:

 Your Spells              Type           Power      Damage    Failure   Level
a - Sandblast             Erth           50%        2d12      1%          1

Your spell library contained the following spells:

 Spells                   Type           Power      Damage    Failure   Level
 Passwall                 Tmut/Erth      13%        N/A       5%          2
 Stone Arrow              Conj/Erth      28%        3d8       14%         3
 Cigotuvi's Dreadful Rot  Necr/Pois/Air  6%         N/A       32%         2
 Petrify                  Tmut/Erth      16%        N/A       36%         4
 Ozocubu's Armour         Ice            3%         N/A       54%         3
 Dispel Undead            Necr           3%         3d7       91%         4
 Death Channel            Necr           1%         N/A       100%        6
 Ozocubu's Refrigeration  Ice            1%         4d7       100%        7


Dungeon Overview and Level Annotations

Branches:
Dungeon (6/15)             Temple (1/1) D:4

Altars:
Ashenzari
Cheibriados
Dithmenos
Elyvilon
Gozag
Hepliaklqana
Makhleb
Nemelex Xobeh
Okawaru
Qazlal
Ru
Sif Muna
Trog
Uskayaw
Vehumet
Wu Jian
Xom
Zin
The Shining One

Shops:
D:4 *

Annotations:
D:5 3 runed translucent doors, MajorAdolf's ghost, novice NaWn


Innate Abilities, Weirdness & Mutations

You cannot be hasted, slowed, berserked, paralysed or teleported.
You can dig through walls and to a lower floor.
You have a pair of large antennae on your head. (SInv)
Your four strong arms can wield two-handed weapons with a shield.


Message History

The blast of sand misses the wight.
The wight barely misses you.
Casting: Sandblast (safe; 1% risk of failure)
Confirm with . or Enter, or press ? or * to list all spells.
Aiming: Sandblast (safe; 1% risk of failure)
Press: ? - help, Shift-Dir - straight line, f/p - wight
Aim: a wight, wielding a +2 scimitar and wearing a +0 robe (heavily damaged, 83% to hit)
The blast of sand hits the wight!
The wight is almost destroyed.
The wight hits you with a +2 scimitar! The wight closely misses you.
Casting: Sandblast (safe; 1% risk of failure)
Confirm with . or Enter, or press ? or * to list all spells.
Aiming: Sandblast (safe; 1% risk of failure)
Press: ? - help, Shift-Dir - straight line, f/p - wight
Aim: a wight, wielding a +2 scimitar and wearing a +0 robe (almost destroyed, 83% to hit)
The blast of sand hits the wight!
You destroy the wight!
HP restored.
Magic restored.
You now have 465 gold pieces (gained 6).
Things that are here:
a +2 scimitar; a +0 robe
There is a stone staircase leading down here.
You climb downwards.
The wight hits you with a +2 falchion. The wight barely misses you.
The wight hits you with a +5 falchion.
You feel drained. The wight hits you with a +2 falchion.
You feel drained.
There is a stone staircase leading up, spattered with blood here.
You can't go down here!
The wight hits you with a +5 falchion! The wight hits you with a +2 falchion!
You climb upwards.
Level annotation: 3 runed translucent doors, MajorAdolf's ghost, novice NaWn
There is a stone staircase leading down here.
The wight hits you with a +5 falchion!
You feel drained. The wight barely misses you.
Things that are here:
a +0 robe; a +2 scimitar The wight hits you with a +5 falchion!
* * * LOW HITPOINT WARNING * * *
The wight hits you with a +2 falchion!
You die...
Your body crumbles into a pile of gold.

#...........# #.# #.#
#...........# #.# #.#
#.....).....# #.# #.#
#..(........# #.# #.#
#........<..# #.# #.#
#...........# #.# #.#
#...........# #.# #.#
#...........# #.# #.#
####'####'######@####.#
.###.####......z[z....#
................>######
.###.........##### .#
#.........# ##
#.........# #.######..#
#.# ##.## #.#####..#


You could see 2 wights.

Vanquished Creatures
  Edmund (D:5)
  An ice beast (D:6)
  A centaur (D:5)
  A phantom (D:5)
  A bullfrog (D:6)
  2 scorpions
  2 wights (D:5)
  2 hounds (D:5)
  2 jellies
  2 orc priests
  A sleepcap (D:5)
  3 iguanas
  5 orc wizards
  7 adders
  2 white imps (D:5)
  2 ufetubi
  6 worms
  3 dart slugs
  15 orcs
  6 bats
  9 endoplasms
  2 giant cockroaches
  3 goblins
  7 hobgoblins
  5 kobolds
  4 quokkas
  3 ball pythons
  4 frilled lizards
  7 rats
109 creatures vanquished.

Notes
Turn   | Place    | Note
-------+----------+-------------------------------------------
     0 | D:1      | Descartes the Formicid Earth Elementalist began the quest
                  | for the Orb.
     0 | D:1      | Reached XP level 1. HP: 13/13 MP: 3/3
   170 | D:1      | Reached XP level 2. HP: 20/20 MP: 3/5
   332 | D:1      | Reached skill level 4 in Earth Magic
   516 | D:1      | Reached XP level 3. HP: 25/25 MP: 3/6
   905 | D:2      | Reached skill level 1 in Fighting
   905 | D:2      | Reached skill level 1 in Evocations
   924 | D:2      | Reached XP level 4. HP: 32/32 MP: 4/7
   994 | D:2      | Reached skill level 1 in Armour
  1231 | D:2      | Found a faded altar of an unknown god.
  2379 | D:3      | Reached XP level 5. HP: 11/37 MP: 7/9
  2628 | D:3      | Reached skill level 5 in Earth Magic
  2954 | D:3      | Found a hide-covered altar of Uskayaw.
  3336 | D:4      | Reached XP level 6. HP: 44/44 MP: 5/10
  3639 | D:4      | Found Bazxaim's CLEARANCE SALE!.
  3719 | D:4      | Found a white marble altar of Elyvilon.
  3833 | D:4      | Found a staircase to the Ecumenical Temple.
  3834 | D:4      | Identified the +1 hat "Ugeaw" {rC+ Int+3 Dex+2}
  3891 | D:4      | Found an ornate altar of the Wu Jian Council.
  3927 | Temple   | Entered the Ecumenical Temple
  3927 | Temple   | Found a transporter.
  3927 | Temple   | Found a transporter.
  3929 | Temple   | Found a transporter.
  3929 | Temple   | Found a transporter.
  3944 | Temple   | Became a worshipper of Gozag Ym Sagoz the Greedy
  3982 | D:4      | Found a shimmering blue altar of Sif Muna.
  4324 | D:5      | Entered Level 5 of the Dungeon
  4437 | D:5      | Reached XP level 7. HP: 51/51 MP: 8/11
  4541 | D:5      | Found a runed translucent gate.
  4541 | D:5      | Found a runed translucent gate.
  4549 | D:5      | Reached skill level 6 in Earth Magic
  4572 | D:5      | Noticed MajorAdolf's ghost (novice NaWn)
  4584 | D:5      | Found a runed translucent gate.
  5033 | D:5      | Noticed Edmund
  5065 | D:5      | Killed Edmund
  5110 | D:5      | Found Qisol's Antique Weapon Shoppe.
  5119 | D:5      | Reached XP level 8. HP: 58/58 MP: 9/13
  5405 | D:5      | Reached skill level 7 in Earth Magic
  5904 | D:5      | Slain by a wight

Illustrated notes

Levels and vault maps discovered:
D:1:      psy_arrival_dodecagon, layout_loops_cross, minmay_misc_feat_square,
          grunt_decor_cap
D:2:      layout_loops_corners, hellmonk_ecumenical_altar_leap_of_faith,
          minmay_pentomino_v4
D:3:      minmay_recursive_quarters, layout_basic,
          mainiacjoe_overflow_small_starburst,
          hangedman_abyss_or_decor_lesser_grid
D:4:      layout_basic, mainiacjoe_overflow_catwalk_spiral,
          mainiacjoe_overflow_paths, minmay_temple_entry_slanted,
          nicolae_shop_clearance
D:5:      layout_basic, gammafunk_ghost_split, serial_shops,
          nicolae_inconvenience_store, chequers_avenue, uniq_edmund
D:6:      layout_loops_ring, gammafunk_ghost_icy
Temple:   hellmonk_temple_divided_pantheon

Skill      XL: |  1  2  3  4  5  6  7  8 |
---------------+-------------------------+-----
Earth Magic    | 4 5 6 7 |  7.5
Dodging        | 2 3 |  3.7
Fighting       | 1 2 3 |  3.9
Evocations     | 1 2 3 |  3.8
Armour         | 1 2 3 |  3.7
Spellcasting   | 3 4 |  4.2
Stealth        | |  2.4
Transmutations | |  1.1

Action                     |  1- 3 |  4- 6 |  7- 9 || total
---------------------------+-------+-------+-------++-------
  Melee: Dagger            |     8 |    33 |     4 ||    45
         Punch             |     1 |     1 |       ||     2
   Cast: Sandblast         |    31 |   105 |    76 ||   212
    Use: Scroll            |       |       |    10 ||    10
 Armour: Leather armour    |     1 |    10 |     7 ||    18
  Dodge: Dodged            |     7 |    46 |    42 ||    95
